 Dungeon Crawl Stone Soup version 0.25-a0-990-g0adbbaad2a (webtiles) character file.

Game seed: 9628128790380950755, levelgen mode: deterministic

320 Kalafior the Digger (level 6, -3/32 HPs)
             Began as a Gargoyle Earth Elementalist on May 10, 2020.
             Slain by a mummy (14 damage)
             ... in an ossuary.
             The game lasted 00:07:22 (3537 turns).

Kalafior the Digger (Gargoyle Earth Elementalist)   Turns: 3537, Time: 00:07:23

Health: -3/32      AC: 11    Str: 11    XL:     6   Next: 46%
Magic:  12/21      EV: 12    Int: 18    God:
Gold:   238        SH:  0    Dex: 10    Spells: 4/13 levels left

rFire    . . .     SeeInvis .   a - +1 mace (protect)
rCold    . . .     Gourm    .   (no shield)
rNeg     + . .     Faith    .   c - +0 robe
rPois    ∞         Spirit   .   l - +0 helmet (curse)
rElec    +         Reflect  .   h - +1 cloak
rCorr    .         Harm     .   (no gloves)
MR       .....                  q - +1 pair of boots
Stlth    ++........             (no amulet)
HPRegen  0.10/turn              n - ring of magical power
MPRegen  0.17/turn              (no ring)

@: no status effects
A: negative energy resistance 1, electricity resistance, unbreathing,
petrification resistance, rot immunity, AC +4
a: no special abilities


You were in an ossuary.
You were hungry.

You visited 1 branch of the dungeon, and saw 4 of its levels.
You also visited: Ossuary.

You collected 238 gold pieces.

Inventory:

Hand Weapons
 a - a +1 mace of protection (weapon)
 e - a +0 club
Missiles
 b - 83 stones (quivered)
Armour
 c - a +0 robe (worn)
 h - a +1 cloak (worn)
 l - a cursed +0 helmet (worn)
 q - a +1 pair of boots (worn)
Jewellery
 n - a ring of magical power (left hand)
Scrolls
 g - 3 scrolls of remove curse
 j - a scroll of magic mapping
Potions
 f - a potion of ambrosia
 i - 2 potions of stabbing
 k - a potion of curing
 m - a potion of haste {unknown}
 o - a potion of heal wounds {unknown}
 p - a potion of might {unknown}
 r - 3 potions of flight {unknown}
Comestibles
 d - 7 rations


   Skills:
 - Level 1.5 Dodging
 - Level 2.1 Stealth
 + Level 4.0 Spellcasting
 + Level 3.2 Conjurations
   Level 0.7 Transmutations
 + Level 5.9 Earth Magic


You had 4 spell levels left.
You knew the following spells:

 Your Spells              Type           Power        Failure   Level  Hunger
a - Sandblast             Erth           ###...       1%          1    None
b - Stone Arrow           Conj/Erth      ###...       7%          3    ###....
c - Lee's Rapid Deconstr  Erth           ###.......   34%         5    ######.

Your spell library contained the following spells:

 Spells                   Type           Power        Failure   Level  Hunger
 Passwall                 Tmut/Erth      ###.....     6%          2    ##.....
 Petrify                  Tmut/Erth      ###.....     36%         4    ####...


Dungeon Overview and Level Annotations

Branches:
Dungeon (4/15)            Ossuary (1/1)
 Temple: D:4-7

Altars:
Makhleb
Ru


Innate Abilities, Weirdness & Mutations

You are resistant to torment.
Your stone body is resilient. (AC +4)
You are immune to poison.
You resist negative energy. (rN+)
You are resistant to electric shocks. (rElec)
You can survive without breathing.
You are immune to petrification.
You are immune to rotting.


Message History

Confirm with . or Enter, or press ? or * to list all spells.
Aiming: Sandblast (safe; 1% risk of failure)
Press: ? - help, Shift-Dir - straight line, f/p - mummy
Aim: a mummy (almost destroyed)
The blast of sand hits the mummy.
The mummy is almost destroyed.
b - 84 stones The mummy misses you.
Casting: Sandblast (safe; 1% risk of failure)
Confirm with . or Enter, or press ? or * to list all spells.
Aiming: Sandblast (safe; 1% risk of failure)
Press: ? - help, Shift-Dir - straight line, f/p - mummy
Aim: a mummy (almost destroyed)
The blast of sand hits the mummy.
You destroy the mummy!
b - 83 stones The mummy hits you!
* * * LOW HITPOINT WARNING * * *
You feel better. The mummy hits you!
You die...

#
#Z###########
............##
.............#
.....∩.∩.@M..#
.............#
...^........##
#Z###########
#


You could see a mummy.

Vanquished Creatures
  An ogre (D:4)
  A bullfrog skeleton (D:4)
  An orc priest (D:3)
  A worker ant (D:4)
  2 mummies (Ossuary)
  A gnoll (D:1)
  3 adders
  3 oozes
  3 worms
  A dart slug (D:2)
  6 orcs
  A ball python (D:3)
  7 bats
  5 giant cockroaches
  3 goblins
  8 hobgoblins
  6 jackals
  A frilled lizard (D:2)
  7 kobolds
  8 rats
69 creatures vanquished.

Notes
Turn   | Place    | Note
-------+----------+-------------------------------------------
     0 | D:1      | Kalafior the Gargoyle Earth Elementalist began the quest
                  | for the Orb.
     0 | D:1      | Reached XP level 1. HP: 10/10 MP: 3/3
    36 | D:1      | Reached skill level 4 in Earth Magic
    36 | D:1      | Reached XP level 2. HP: 15/15 MP: 0/5
   695 | D:1      | Reached XP level 3. HP: 12/19 MP: 4/6
  1092 | D:1      | Learned a level 3 spell: Stone Arrow
  1477 | D:2      | Reached XP level 4. HP: 24/24 MP: 8/8
  1521 | D:2      | Reached skill level 1 in Conjurations
  1993 | D:2      | Found a sacrificial altar of Ru.
  2326 | D:3      | Found a burning altar of Makhleb.
  2343 | D:3      | Reached skill level 5 in Earth Magic
  2343 | D:3      | Reached XP level 5. HP: 13/28 MP: 6/10
  2509 | D:3      | Learned a level 5 spell: Lee's Rapid Deconstruction
  3441 | D:4      | Noticed an ogre
  3448 | D:4      | Killed an ogre
  3448 | D:4      | Reached XP level 6. HP: 30/32 MP: 11/11
  3516 | D:4      | Found a sand-covered staircase.
  3525 | Ossuary  | Entered an ossuary
  3537 | Ossuary  | Slain by a mummy

Illustrated notes

Levels and vault maps discovered:
D:1:      sevenhm_arrival_forest_fort_small_5, layout_basic, hex_medium,
          minmay_liquid_box, moated_statue
D:2:      layout_loops_corners, nicolae_ru_the_path_less_chosen, first_ration
D:3:      layout_basic, bloody_makhleb, serial_forest, infiniplex_forest_3_way,
          infiniplex_forest_clump_small, infiniplex_forest_pool,
          infiniplex_forest_lined_room_, infiniplex_forest_lined_2,
          infiniplex_forest_corner_2, chequers_decorated_corner,
          serial_park_tiny_pond
D:4:      layout_basic, tgw_fedhas, enter_ossuary_3, grunt_ministairs_7
Ossuary:  ossuary_the_hunt_dpeg

Skill      XL: |  1  2  3  4  5  6 |
---------------+-------------------+-----
Earth Magic    | 4 5 |  5.9
Spellcasting   | 3 4 |  4.0
Conjurations   | 1 3 |  3.2
Dodging        | |  1.5
Stealth        | |  2.1
Transmutations | |  0.7

Action                   |  1- 3 |  4- 6 || total
-------------------------+-------+-------++-------
Melee: Club              |    46 |       ||    46
       Unarmed           |    16 |       ||    16
       Mace              |    39 |   105 ||   144
 Cast: Sandblast         |    14 |    29 ||    43
  Use: Scroll            |     5 |     6 ||    11
       Potion            |       |     1 ||     1
 Stab: Sleeping          |     2 |     2 ||     4
  Eat: Chunk             |     2 |     6 ||     8
Armor: Robe              |    53 |    64 ||   117
Dodge: Dodged            |    94 |    94 ||   188

Table legend:
 A = Non-vault XP
 B = Vault XP
 C = Vault XP percentage of total XP
 D = Non-vault monster count
 E = Vault monster count
 F = Vault count percentage of total count
                 A         B        C        D         E       F
            +---------+---------+-------+---------+---------+-------
      Total |     345 |     113 |  24.7 |      65 |       4 |   5.8
            +---------+---------+-------+---------+---------+-------
        D:1 |      51 |       0 |   0.0 |      20 |       0 |   0.0
        D:2 |      70 |       0 |   0.0 |      19 |       0 |   0.0
        D:3 |     103 |       0 |   0.0 |      24 |       0 |   0.0
        D:4 |     121 |      77 |  38.9 |       2 |       2 |  50.0
    Ossuary |       0 |      36 | 100.0 |       0 |       2 | 100.0
            +---------+---------+-------+---------+---------+-------
